 Dungeon Crawl Stone Soup version 0.25-a0-339-gb37b713 (webtiles) character file.

Game seed: 8402665417665629193, levelgen mode: deterministic

32 Auros the Shield-Bearer (level 3, -1/33 HPs)
             Began as a Minotaur Fighter on Dec 28, 2019.
             Succumbed to a goblin's poison
             ... on level 2 of the Dungeon.
             The game lasted 00:03:00 (226 turns).

Auros the Shield-Bearer (Minotaur Fighter)           Turns: 226, Time: 00:03:01

Health: -1/33      AC:  7    Str: 21    XL:     3   Next: 10%
Magic:  2/2        EV:  7    Int:  5    God:
Gold:   18         SH:  9    Dex:  9    Spells: 2/2 levels left

rFire    . . .     SeeInvis .   i - -1 spear (curse)
rCold    . . .     Gourm    .   c - +0 shield
rNeg     . . .     Faith    .   b - +0 scale mail
rPois    .         Spirit   .   (helmet restricted)
rElec    .         Reflect  .   (no cloak)
rCorr    .         Harm     .   (no gloves)
MR       .....                  (no boots)
Stlth    ..........             (no amulet)
HPRegen  0.11/turn              (no ring)
MPRegen  0.08/turn              (no ring)

@: lethally poisoned (-1 -> -29)
A: retaliatory headbutt, horns 2
a: no special abilities


You were on level 2 of the Dungeon.
You were not hungry.

You visited 1 branch of the dungeon, and saw 2 of its levels.

You collected 18 gold pieces.

Inventory:

Hand Weapons
 a - a +1 flail
 i - a cursed -1 spear (weapon)
Missiles
 f - 22 arrows
Armour
 b - a +0 scale mail (worn)
 c - a +0 shield (worn)
Scrolls
 e - a scroll of fear
Comestibles
 g - 2 chunks of flesh
 z - 2 rations


   Skills:
 - Level 3.8 Fighting
 + Level 3.1 Maces & Flails
 + Level 4.1 Armour
 + Level 4.2 Shields


You had 2 spell levels left.
You didn't know any spells.
Your spell library was empty.

Dungeon Overview and Level Annotations

Branches:
Dungeon (2/15)

Altars:


Innate Abilities, Weirdness & Mutations

You reflexively headbutt those who attack you in melee.
You have a pair of horns on your head.


Message History

The goblin hits you with a +0 dagger of venom.
* * * LOW HITPOINT WARNING * * *
You are more poisoned.
The goblin unwields a +0 hunting sling.
The goblin barely misses you.
You closely miss the goblin. Your headbutt misses the goblin.
* * * LOW HITPOINT WARNING * * *
You feel sick. You block the goblin's attack.
You miss the goblin. Your headbutt misses the goblin.
* * * LOW HITPOINT WARNING * * *
You feel very sick. The goblin hits you but does no damage.
The goblin hits you with a +0 dagger of venom.
* * * LOW HITPOINT WARNING * * *
The goblin hits you.
* * * LOW HITPOINT WARNING * * *
It was a potion of cancellation.
Your magical effects are unravelling.
You feel magically purged.
You feel a little less mighty now.
You die...

#.# ... #.# # #.#.#
##.#. .g. #g# ....#
#@# ....# #g# ....#
#†# ....# #.# ....
#.# .. #.# #######
#(# ....... #.#
#################.#


You could see a hobgoblin and 2 goblins.

Vanquished Creatures
  Robin (D:2)
  An adder (D:2)
  An orc (D:2)
  A ball python (D:2)
  4 goblins (D:2)
  A hobgoblin (D:1)
  A frilled lizard (D:1)
  2 kobolds (D:2)
  A rat (D:2)
13 creatures vanquished.

Notes
Turn   | Place    | Note
-------+----------+-------------------------------------------
     0 | D:1      | Auros the Minotaur Fighter began the quest for the Orb.
     0 | D:1      | Reached XP level 1. HP: 19/19 MP: 0/0
   202 | D:2      | Reached XP level 2. HP: 27/27 MP: 1/1
   203 | D:2      | Noticed Robin
   223 | D:2      | Killed Robin
   223 | D:2      | Reached XP level 3. HP: 14/33 MP: 2/2
   225 | D:2      | HP: 1/33 [goblin[Robin] (2)]
   226 | D:2      | Succumbed to a goblin's poison

Levels and vault maps discovered:
D:1:      noname_arrival_rooms_in_the_neighbourhood, layout_basic
D:2:      layout_basic, uniq_robin

Skill      XL: |  1  2 |
---------------+-------+-----
Armour         | 4 |  4.1
Shields        | 4 |  4.2
Maces & Flails | 3 |  3.1
Fighting       | |  3.8

Action                   || total
-------------------------++-------
Melee: Flail             ||    15
       Headbutt          ||     4
       Spear             ||    21
  Use: Scroll            ||     3
       Potion            ||     2
Armor: Scale mail        ||    17
Dodge: Dodged            ||    12
Block: Shield            ||    22

Table legend:
 A = Non-vault XP
 B = Vault XP
 C = Vault XP percentage of total XP
 D = Non-vault monster count
 E = Vault monster count
 F = Vault count percentage of total count
                 A         B        C        D         E       F
            +---------+---------+-------+---------+---------+-------
      Total |      24 |      23 |  48.9 |       8 |       5 |  38.5
            +---------+---------+-------+---------+---------+-------
        D:1 |       3 |       0 |   0.0 |       2 |       0 |   0.0
        D:2 |      21 |      23 |  52.3 |       6 |       5 |  45.5
            +---------+---------+-------+---------+---------+-------
